 Dungeon Crawl Stone Soup version 0.28.0-45-g0d030f2227 (webtiles) character file.

Game seed: 801607635214878427

91952 sizableburger the Bludgeoner (level 16, -1/158 (165) HPs)
             Began as an Ogre Warper on Apr 6, 2022.
             Was the Champion of Okawaru.
             Slain by a caustic shrike simulacrum (10 damage)
             ... in an ice cave on Apr 8, 2022.
             The game lasted 00:57:29 (29752 turns).

sizableburger the Bludgeoner (Ogre Warper)         Turns: 29752, Time: 00:57:30

HP:   -1/158 (165)  AC: 18    Str: 21    XL:     16   Next: 4%
MP:   25/25         EV: 13    Int: 21    God:    Okawaru [******]
Gold: 2714          SH:  0    Dex:  8    Spells: 20/27 levels left

rFire   . . .      SeeInvis .   E - +5 giant spiked club (freeze)
rCold   + + +      Faith    +   (shield currently unavailable)
rNeg    . . .      Spirit   .   g - +1 ice dragon scales
rPois   +          Reflect  .   L - +2 hat {Int+3}
rElec   +          Harm     .   H - +2 cloak {Will+}
rCorr   +          Rampage  .   (gloves unavailable)
Will    ++...                   (boots unavailable)
Stlth   ..........              O - amulet of faith
HPRegen 0.36/turn               p - +4 ring of evasion
MPRegen 0.19/turn               W - +4 ring of slaying

@: resistant, lightly drained
A: large, unfitting armour, tough skin 1
a: Renounce Religion, Heroism, Finesse, Duel


You were in an ice cave.
You worshipped Okawaru.
Okawaru was exalted by your worship.
You visited 4 branches of the dungeon, and saw 24 of its levels.
You also visited: Ossuary, Bailey and Ice Cave.

You collected 2954 gold pieces.
You spent 240 gold pieces at shops.

Inventory:

Hand Weapons
 a - a +9 spectral giant club
 C - the +3 giant club of Resourcefulness {venom, Contam rElec rPois SInv}
   (Okawaru gifted it to you on level 8 of the Dungeon)

   It poisons the flesh of those it strikes.
   rElec:     It insulates you from electricity.
   rPois:     It protects you from poison.
   SInv:      It lets you see invisible.
   Contam:    It causes magical contamination when unequipped.
 E - a +5 giant spiked club of freezing (weapon)
Missiles
 d - 4 boomerangs of dispersal
 f - 29 poisoned darts (quivered)
 m - 3 silver javelins
 u - a javelin
 x - 11 boomerangs
 G - 2 curare-tipped darts
 I - 4 throwing nets
 Y - 4 silver boomerangs
Armour
 g - +1 ice dragon scales (worn)
 H - a +2 cloak of willpower (worn)
 L - a +2 hat of intelligence (worn)
Jewellery
 l - a +6 ring of dexterity
 p - a +4 ring of evasion (left hand)
 N - a ring of protection from cold
 O - an amulet of faith (around neck)
 R - a ring of wizardry
 S - a +4 ring of protection
 V - a ring of see invisible
 W - a +4 ring of slaying (right hand)
Wands
 j - a wand of paralysis (8)
 r - a wand of acid (29)
 D - a wand of flame (35)
 P - a wand of digging (4)
 Q - a wand of polymorph (11)
 T - a wand of iceblast (8)
Scrolls
 b - 3 scrolls of enchant armour
 k - a scroll of silence
 y - a scroll of teleportation
 K - 2 scrolls of immolation
 U - 3 scrolls of identify
 Z - a scroll of vulnerability {unknown}
Potions
 e - 6 potions of curing
 h - a potion of ambrosia
 i - 5 potions of brilliance
 n - 5 potions of haste
 o - a potion of resistance
 q - 3 potions of invisibility
 s - a potion of attraction
 t - 6 potions of flight
 v - 3 potions of lignification
 w - 3 potions of mutation
 z - a potion of magic
 A - 3 potions of cancellation
 B - a potion of experience {unknown}
 F - a potion of berserk rage {unknown}
 M - 2 potions of might


   Skills:
 - Level 12.2 Fighting
 + Level 17.8 Maces & Flails
 - Level 1.0 Throwing
 - Level 6.2 Armour
 - Level 6.2 Dodging
 - Level 6.2 Spellcasting
 - Level 2.6 Translocations
 + Level 6.7 Transmutations
 - Level 7.4 Ice Magic
 - Level 10.0 Invocations
 - Level 3.9 Evocations


You had 20 spell levels left.
You knew the following spells:

 Your Spells              Type           Power      Damage    Failure   Level
a - Blink                 Tloc           34%        N/A       14%         2
b - Frozen Ramparts       Ice            74%        1d9       4%          3
c - Wereblood             Tmut           34%        N/A       2%          2

Your spell library contained the following spells:

 Spells                   Type           Power      Damage    Failure   Level
 Passwall                 Tmut/Erth      16%        N/A       11%         2
 Magic Dart               Conj           24%        1d4       28%         1
 Sandblast                Erth           12%        2d6       28%         1
 Shock                    Conj/Air       24%        1d4       28%         1
 Gell's Gravitas          Tloc           17%        N/A       28%         3
 Lesser Beckoning         Tloc           17%        N/A       28%         3
 Teleport Other           Tloc           17%        N/A       28%         3
 Ignite Poison            Fire/Tmut/Pois 15%        N/A       34%         3
 Static Discharge         Conj/Air       6%         N/A       41%         2
 Sublimation of Blood     Necr           6%         N/A       41%         2
 Hailstorm                Conj/Ice       22%        3d7       52%         4
 Confusing Touch          Hex            6%         N/A       65%         3
 Conjure Flame            Conj/Fire      6%         6-21      65%         3
 Stone Arrow              Conj/Erth      12%        3d7       65%         3
 Swiftness                Air            6%         N/A       65%         3
 Iskenderun's Mystic Bla  Conj/Tloc      12%        2d5       86%         4
 Manifold Assault         Tloc           17%        N/A       95%         5
 Airstrike                Air            3%         N/A       96%         4
 Leda's Liquefaction      Hex/Erth       3%         N/A       96%         4
 Sticky Flame             Conj/Fire      6%         2d3       96%         4
 Freezing Cloud           Conj/Ice/Air   8%         6-21      96%         5
 Fireball                 Conj/Fire      3%         3d4       100%        5
 Iskenderun's Battlesphe  Conj           6%         2d6       100%        5
 Lee's Rapid Deconstruct  Erth           3%         3d6*      100%        5
 Statue Form              Tmut/Erth      13%        N/A       100%        6
 Enfeeble                 Hex            3%         N/A       100%        7
 Ozocubu's Refrigeration  Ice            18%        4d8       100%        7
 Disjunction              Tloc           8%         N/A       100%        8
 Maxwell's Capacitive Co  Air            3%         ∞         100%        8
 Chain Lightning          Conj/Air       3%         3d4       100%        9
 Tukima's Dance           Hex            Unusable   N/A       N/A         3
 Summon Hydra             Summ           Unusable   N/A       N/A         7

Dungeon Overview and Level Annotations

Branches:
Dungeon (15/15)            Temple (1/1) D:6            Lair (6/6) D:8
  Swamp (0/4) Lair:3        Snake (0/4) Lair:2        Slime (0/5) Lair:5
    Orc (2/2) D:9             Elf (0/3) Orc:2       Ossuary (visited)
 Bailey (visited)           IceCv (1/1)
 Vaults: D:13-14     Depths: D:15

Altars:
Ashenzari
Cheibriados
Dithmenos
Elyvilon
Fedhas
Gozag
Hepliaklqana
Kikubaaqudgha
Makhleb
Nemelex Xobeh
Okawaru
Qazlal
Ru
Sif Muna
Trog
Uskayaw
Vehumet
Wu Jian
Xom
Yredelemnul
Zin
The Shining One
Beogh

Shops:
D:9 *?   Orc:2 !*:(

Annotations:
D:14 Azrael


Innate Abilities, Weirdness & Mutations

You are too large for most types of armour.
You have tough skin. (AC +1)


Message History

The large rock hits you but does no damage.
The cyclops hits you!!
* * * LOW HITPOINT WARNING * * *
You beat the cyclops like a drum!!!
You freeze the cyclops!
You kill the cyclops!
Okawaru accepts your kill.
Things that are here:
4 large rocks; a cyclops corpse
There is a frozen archway here.
You start resting.
You hear the crackling of a melting archway.
The world spins around you as you enter the gateway.
You enter an ice cave!
The white very ugly thing gurgles horribly!
Found six items.
Found an ice covered gate leading back out of this place.
There is an ice choked empty arch of ancient stone here.
Unknown command.
There is an ice covered gate leading back out of this place here.
The caustic shrike simulacrum closely misses you.
The caustic shrike simulacrum claws you!
* * * LOW HITPOINT WARNING * * *
The caustic shrike simulacrum freezes you!
You resist.
* * * LOW HITPOINT WARNING * * *
Unknown command.
Okay, then.
Okay, then.
Unknown command.
You feel protected.
The caustic shrike simulacrum claws you.
* * * LOW HITPOINT WARNING * * *
The caustic shrike simulacrum freezes you!
You resist.
* * * LOW HITPOINT WARNING * * *
The caustic shrike simulacrum claws you.
* * * LOW HITPOINT WARNING * * *
The caustic shrike simulacrum freezes you!
You resist.
You die...

####
##...####
........##
.........##
...Z.Z.Z..##
$..8.......#
./.......Z.#
©![...u∩.Z@#
.:....Z....#
(..8.....Z.#
.....Z....##
.........##
........##
##...####
####


You could see a white very ugly thing, an anaconda simulacrum, 2 alligator
simulacra, an eight-headed hydra simulacrum, a six-headed hydra simulacrum, a
four-headed hydra simulacrum and 2 caustic shrike simulacra.

Vanquished Creatures
  An orc warlord (Bailey)
  Nessos (Orc:2)
  Josephine (D:15)
  Harold (D:10)
  8 hydras
  Erolcha (D:11)
  2 boulder beetles
  4 ogre magi (Orc:2)
  20 two-headed ogres
  An alligator (Lair:5)
  10 death yaks
  A centaur warrior (D:13)
  A tengu warrior (D:13)
  An orc high priest (Orc:2)
  Nergalle (Lair:4)
  Pikel (D:7)
  5 orc knights (Bailey)
  4 wizards (D:12)
  An orc sorcerer (Orc:1)
  2 ugly things
  4 slime creatures (D:12)
  3 cyclopes
  2 oklob plants
  3 manticores
  12 elephants
  3 black mambas
  3 gargoyles
  2 kobold demonologists
  2 torpor snails (Lair:5)
  Joseph (D:11)
  12 cane toads
  2 unseen horrors
  An efreet (D:11)
  5 rime drakes
  5 komodo dragons
  A tengu conjurer (D:13)
  4 trolls
  6 hornets
  Prince Ribbit (D:6)
  3 polar bears (Lair:6)
  23 blink frogs
  3 dream sheep (Lair:6)
  13 spriggans (Lair:6)
  A shadow (D:12)
  8 wyverns
  A steam dragon (D:6)
  36 yaks
  5 wraiths (D:15)
  5 basilisks
  8 vampire mosquitoes
  A naga (Lair:2)
  6 wargs
  3 hell hounds
  17 water moccasins
  27 orc warriors
  2 sky beasts (D:7)
  7 black bears
  2 necrophages
  26 wolves
  2 hornet zombies (D:7)
  4 boggarts (Lair:6)
  28 ogres
  7 centaurs
  2 phantoms
  4 kobold brigands
  12 bullfrogs
  2 wyvern zombies
  A gnoll sergeant (D:8)
  13 scorpions
  2 water moccasin skeletons
  9 killer bees
  5 howler monkeys
  5 wights (D:9)
  6 electric eels
  2 crimson imps
  A bullfrog zombie (D:5)
  3 centaur zombies
  2 hounds
  A lava snake (Lair:6)
  2 centaur skeletons
  7 orc priests
  A gnoll shaman (D:7)
  3 human zombies (Ossuary)
  2 jellies (D:7)
  13 orc wizards
  5 scorpion zombies
  5 iguanas
  A hound skeleton (D:4)
  4 mummies
  16 gnolls
  A howler monkey skeleton (D:7)
  A howler monkey zombie (D:7)
  15 adders
  2 shadow imps
  2 white imps
  2 worms
  2 dart slugs
  61 orcs
  5 bats
  3 endoplasms (D:1)
  6 giant cockroaches
  13 goblins
  11 hobgoblins
  2 jackals (D:4)
  7 quokkas
  6 ball pythons
  2 frilled lizards
  A gnoll zombie (Ossuary)
  5 hobgoblin zombies
  19 kobolds
  A kobold zombie (Ossuary)
  3 orc zombies
  5 rats
681 creatures vanquished.

Vanquished Creatures (others)
  An orc wizard (Orc:2)
  48 fungi
  78 plants
127 creatures vanquished.

Grand Total: 808 creatures vanquished

Notes
Turn   | Place    | Note
-------+----------+-------------------------------------------
     0 | D:1      | sizableburger the Ogre Warper began the quest for the Orb.
     0 | D:1      | Reached XP level 1. HP: 22/22 MP: 3/3
   251 | D:1      | Reached skill level 2 in Maces & Flails
   288 | D:1      | Reached XP level 2. HP: 29/31 MP: 5/5
   338 | D:1      | Learned a level 2 spell: Blink
   388 | D:1      | Found a faded altar of an unknown god.
   388 | D:1      | Noticed a Tzitzimitl
   895 | D:2      | Reached XP level 3. HP: 39/39 MP: 6/6
  1142 | D:2      | Reached XP level 4. HP: 36/49 MP: 7/7
  1272 | D:2      | Reached skill level 3 in Maces & Flails
  2233 | D:3      | Reached skill level 5 in Fighting
  2235 | D:3      | Reached XP level 5. HP: 37/57 MP: 8/8
  2703 | D:3      | Got the Almanac of the Glacier
  2899 | D:3      | Learned a level 3 spell: Frozen Ramparts
  3232 | D:4      | Reached skill level 1 in Ice Magic
  3386 | D:4      | Reached XP level 6. HP: 62/66 MP: 10/10
  3608 | D:4      | Reached skill level 4 in Maces & Flails
  4076 | D:5      | Entered Level 5 of the Dungeon
  4193 | D:5      | Noticed a necrophage
  4213 | D:5      | Killed a necrophage
  4214 | D:5      | Reached XP level 7. HP: 72/72 MP: 11/13
  4950 | D:5      | Reached skill level 5 in Maces & Flails
  5052 | D:6      | Noticed Prince Ribbit
  5097 | D:6      | Killed Prince Ribbit
  5098 | D:6      | Reached skill level 5 in Spellcasting
  5098 | D:6      | Reached XP level 8. HP: 33/80 MP: 7/16
  5437 | D:6      | Found a staircase to the Ecumenical Temple.
  5444 | Temple   | Entered the Ecumenical Temple
  5773 | Temple   | Became a worshipper of Warmaster Okawaru
  6531 | D:6      | Reached skill level 6 in Maces & Flails
  6563 | D:6      | Reached skill level 1 in Armour
  6661 | D:6      | Reached skill level 5 in Ice Magic
  6862 | D:7      | Found a sand-covered staircase.
  6868 | Ossuary  | Entered an ossuary
  6934 | Ossuary  | Reached * piety under Okawaru
  6935 | Ossuary  | Reached XP level 9. HP: 84/88 MP: 18/18
  7667 | Ossuary  | Reached skill level 7 in Maces & Flails
  8016 | D:7      | Reached ** piety under Okawaru
  8560 | D:7      | Noticed Pikel
  8580 | D:7      | Killed Pikel
  8580 | D:7      | Reached *** piety under Okawaru
  8581 | D:7      | Reached skill level 8 in Maces & Flails
  8581 | D:7      | Reached XP level 10. HP: 79/96 MP: 16/19
  8977 | D:7      | Reached skill level 1 in Invocations
  9522 | D:7      | Noticed a manticore
  9534 | D:7      | Killed a manticore
  9534 | D:7      | Reached **** piety under Okawaru
  9671 | D:7      | Got Dire's Tome of Combat Magic
  9891 | D:8      | Found a flagged portal.
  9900 | Bailey   | Entered a bailey
 10019 | Bailey   | Noticed an orc knight
 10062 | Bailey   | Killed an orc knight
 10063 | Bailey   | Reached skill level 9 in Maces & Flails
 10617 | Bailey   | Noticed an orc knight
 10628 | Bailey   | Killed an orc knight
 10947 | Bailey   | Acquired a +9 spectral giant club
 11011 | Bailey   | Reached XP level 11. HP: 94/111 MP: 20/20
 11101 | Bailey   | Noticed an orc knight
 11117 | Bailey   | Reached skill level 5 in Invocations
 11120 | Bailey   | Killed an orc knight
 11255 | Bailey   | Noticed an orc warlord
 11267 | Bailey   | Killed an orc warlord
 11304 | Bailey   | Noticed an orc knight
 11515 | Bailey   | Noticed an orc knight
 11524 | Bailey   | Killed an orc knight
 11524 | Bailey   | Reached ***** piety under Okawaru
 11647 | Bailey   | Killed an orc knight
 11647 | Bailey   | Received a gift from Okawaru
 11648 | Bailey   | Reached skill level 10 in Maces & Flails
 11995 | D:8      | Identified the +3 giant club of Resourcefulness {venom,
                  | Contam rElec rPois SInv} (Okawaru gifted it to you on level
                  | 8 of the Dungeon)
 11995 | D:8      | Received a gift from Okawaru
 12263 | D:8      | Found a staircase to the Lair.
 12760 | D:9      | Found a staircase to the Orcish Mines.
 13056 | D:9      | Found Kelan's Magic Scroll Emporium.
 13057 | D:9      | Found Esiq Ditz's Assorted Antiques.
 13404 | D:9      | Noticed a two-headed ogre
 13404 | D:9      | Paralysed by a hornet for 3 turns
 13411 | D:9      | Killed a two-headed ogre
 13723 | D:9      | Reached skill level 11 in Maces & Flails
 13808 | D:9      | Found a burning altar of Makhleb.
 13809 | D:9      | Found a radiant altar of Vehumet.
 14057 | Orc:1    | Entered Level 1 of the Orcish Mines
 14112 | Orc:1    | Found a shimmering altar of Xom.
 14133 | Orc:1    | Reached XP level 12. HP: 104/123 MP: 17/21
 14396 | Orc:1    | Received a gift from Okawaru
 14499 | Orc:1    | Noticed a soul eater
 14978 | D:10     | Entered Level 10 of the Dungeon
 15008 | D:10     | Noticed Harold
 15013 | D:10     | Killed Harold
 15381 | D:10     | Noticed a two-headed ogre
 15385 | D:10     | Killed a two-headed ogre
 15688 | Lair:1   | Entered Level 1 of the Lair of Beasts
 15702 | Lair:1   | Reached skill level 10 in Invocations
 16107 | Lair:1   | Noticed a five-headed hydra
 16114 | Lair:1   | Killed a five-headed hydra
 16115 | Lair:1   | Reached skill level 12 in Maces & Flails
 16170 | Lair:1   | Reached skill level 13 in Maces & Flails
 17285 | Lair:2   | Found a burning altar of Makhleb.
 17395 | Lair:2   | Reached XP level 13. HP: 125/131 MP: 20/22
 17399 | Lair:2   | Reached skill level 14 in Maces & Flails
 17789 | Lair:2   | Found a staircase to the Snake Pit.
 18234 | Lair:3   | Found a staircase to the Swamp.
 19078 | Lair:3   | Reached skill level 15 in Maces & Flails
 19080 | Lair:3   | Received a gift from Okawaru
 20349 | Lair:4   | Reached ****** piety under Okawaru
 20579 | Lair:4   | Noticed Nergalle
 20589 | Lair:4   | Killed Nergalle
 20905 | Lair:4   | Reached skill level 16 in Maces & Flails
 21329 | Lair:5   | Found a staircase to the Slime Pits.
 21353 | Lair:5   | Received a gift from Okawaru
 21567 | Lair:5   | Reached XP level 14. HP: 124/140 MP: 23/23
 21709 | Lair:5   | Reached skill level 17 in Maces & Flails
 21744 | Lair:5   | Identified the +2 fustibalus of the Well-Known Queens
                  | {speed, rPois rC+ Int-3 Stlth+} (Okawaru gifted it to you
                  | on level 5 of the Lair of Beasts)
 21744 | Lair:5   | Received a gift from Okawaru
 21753 | Lair:5   | Reached skill level 1 in Evocations
 22629 | Lair:5   | You fall into a shaft and drop 1 floor!
 22629 | Lair:6   | Entered Level 6 of the Lair of Beasts
 22718 | Lair:6   | Identified the +2 robe of the Gloaming {Rampage *Corrode
                  | rC++ Stlth+} (Okawaru gifted it to you on level 6 of the
                  | Lair of Beasts)
 22718 | Lair:6   | Received a gift from Okawaru
 22719 | Lair:6   | Reached skill level 10 in Fighting
 23833 | Lair:6   | Reached skill level 5 in Armour
 23936 | Lair:6   | Got the Disquisition on Spatial Lightness
 23988 | Lair:6   | Received a gift from Okawaru
 24000 | Lair:6   | Reached skill level 5 in Dodging
 24010 | Lair:6   | Learned a level 2 spell: Wereblood
 24738 | Orc:2    | Entered Level 2 of the Orcish Mines
 24738 | Orc:2    | Found a staircase to the Elven Halls.
 24739 | Orc:2    | Found a burning altar of Makhleb.
 24855 | D:9      | Bought a scroll of enchant weapon for 240 gold pieces
 25047 | Orc:2    | Noticed Nessos
 25056 | Orc:2    | Killed Nessos
 25057 | Orc:2    | Reached skill level 1 in Transmutations
 25102 | Orc:2    | Reached XP level 15. HP: 154/154 MP: 24/24
 25591 | Orc:2    | Found Mimaemou's Antique Weapon Emporium.
 25591 | Orc:2    | Found Tonyduf's Book Boutique.
 25592 | Orc:2    | Found Diryetoi's General Store.
 25592 | Orc:2    | Found Nipu Kij's Distillery.
 25803 | Orc:2    | Received a gift from Okawaru
 26560 | D:11     | Noticed Erolcha
 26573 | D:11     | Killed Erolcha
 26631 | D:11     | Noticed Joseph
 26645 | D:11     | Killed Joseph
 26653 | D:11     | Acquired 724 gold pieces
 27706 | D:12     | Reached skill level 5 in Transmutations
 27725 | D:12     | Identified the +7 giant club of Jilalon {vorpal, Will+}
                  | (Okawaru gifted it to you on level 12 of the Dungeon)
 27725 | D:12     | Received a gift from Okawaru
 28049 | D:12     | Got Ts'ui Pên's Papyrus of Forking Paths
 28104 | D:12     | Got the Compendium of Dhcmrlchtdj
 28111 | D:12     | Got the Grimoire of Combed Thunderclap
 29092 | D:13     | Identified the +1 robe "Cempootz" {*Slow Int+5} (Okawaru
                  | gifted it to you on level 13 of the Dungeon)
 29092 | D:13     | Received a gift from Okawaru
 29409 | D:13     | You fall into a shaft and drop 2 floors!
 29409 | D:15     | Entered Level 15 of the Dungeon
 29432 | D:15     | Noticed Josephine
 29440 | D:15     | Killed Josephine
 29441 | D:15     | Reached XP level 16. HP: 109/156 MP: 25/25
 29492 | D:14     | Noticed Azrael
 29702 | D:14     | Found a frozen archway.
 29748 | IceCv    | Entered an ice cave
 29752 | IceCv    | Slain by a caustic shrike simulacrum

Illustrated notes

Levels and vault maps discovered:
D:1:      mrwooster_arrival_statue_3, layout_basic,
          dreamdust_ecumenical_altar_sealed_demon
D:2:      layout_loops_corners
D:3:      cheibrodos_helix_gallery, layout_loops_ring
D:4:      layout_gridville, serial_bayou_lagoon_a
D:5:      layout_gridville, corexii_checkpoint_b, minmay_fire_ice_demons
D:6:      layout_loops_ring, minmay_temple_entry_hall, minivault_19,
          uniq_prince_ribbit1
D:7:      layout_loops_ring, nicolae_ossuary_entry_giza, nzn_random_ring,
          uniq_pikel
D:8:      layout_rooms, due_lair_maze_entry_diamond, enter_bailey_2,
          small_chamber_with_monster
D:9:      layout_rooms, grunt_temple_overflow_lords_of_destruction,
          minmay_orc_entry_guard_dogs, nicolae_wooded_promenade
D:10:     layout_roguey, uniq_harold
D:11:     layout_loops_ring, gauntlet_entry_generic, minmay_sticks_and_stones,
          uniq_erolcha
D:12:     layout_roguey, bh_hangedman_babel_library
D:13:     layout_roguey
D:14:     layout_rooms, skrybe_vaults_entry_preservation,
          portal_ice_cave_entry_pillars_three, minmay_strange_pillars,
          uniq_jorgrun, uniq_agnes, uniq_azrael
D:15:     gammafunk_enter_depths_forms, layout_basic, hangedman_decor_growths,
          nicolae_uskayaw_suspiria, uniq_kirke, uniq_josephine
Temple:   mainiacjoe_temple_cubbyholes
Lair:1:   layout_chaotic_city, serial_bayou_pond_c, serial_bayou_shore_a
Lair:2:   layout_hall_layers, guppyfry_snake_entry_island, enter_volcano_3,
          lemuel_oklob_altar
Lair:3:   layout_cave_pods, minmay_swamp_entry_eels
Lair:4:   layout_regular_city, uniq_nergalle
Lair:5:   nzn_winding_woodlands_medium [nzn_winding_woodlands_hourglass,
          nzn_winding_woodlands_5x15_zeroes, nzn_winding_woodlands_5x5_three,
          nzn_winding_woodlands_5x5_open_star,
          nzn_winding_woodlands_center_lodge,
          nzn_winding_woodlands_5x5_perimeter,
          nzn_winding_woodlands_5x5_default,
          nzn_winding_woodlands_5x15_lazy_stream,
          nzn_winding_woodlands_5x5_default], layout_cave_pods, slime_dummy
Lair:6:   minmay_lair_end_enchanted_forest, layout_gridlike
Orc:1:    layout_caves, basic_altar, hangedman_feature_mirror
Orc:2:    st_orc_ogre_mass, layout_caves, basic_altar, mines3_lemuel,
          uniq_nessos
IceCv:    ice_cave_statue_garden_transporter

Skill      XL: |  1  2  3  4  5  6  7  8  9 10 11 12 13 14 15 |
---------------+----------------------------------------------+-----
Fighting       | 3 4 5 8 9 11 12 | 12.2
Maces & Flails | 2 3 4 5 6 8 9 11 13 16 17 | 17.8
Spellcasting   | 3 4 5 6 |  6.2
Ice Magic      | 1 2 3 5 7 |  7.4
Armour         | 1 2 5 6 |  6.2
Invocations    | 4 8 10 | 10.0
Evocations     | 3 |  3.9
Dodging        | 5 6 |  6.2
Transmutations | 1 6 |  6.7
Throwing       | |  1.0
Translocations | |  2.6

Action                   |  1- 3 |  4- 6 |  7- 9 | 10-12 | 13-15 | 16-18 || total
-------------------------+-------+-------+-------+-------+-------+-------++-------
Melee: Mace              |    72 |   154 |       |       |       |       ||   226
       Punch             |       |     1 |     5 |     5 |       |       ||    11
       Flail             |       |    69 |   414 |   141 |       |       ||   624
       Giant club        |       |       |       |   252 |   499 |       ||   751
       Giant spiked club |       |       |       |       |   166 |    23 ||   189
Throw: Dart              |       |     6 |    13 |     6 |       |       ||    25
       Boomerang         |       |       |     1 |     3 |       |       ||     4
       Javelin           |       |       |     5 |       |       |       ||     5
 Cast: Frozen Ramparts   |       |       |     5 |    24 |     1 |       ||    30
       Blink             |       |       |       |       |       |     1 ||     1
Invok: Heroism           |       |       |       |     3 |     4 |     1 ||     8
       Finesse           |       |       |       |     1 |     1 |       ||     2
Evoke: Wand              |       |       |     3 |       |     9 |     1 ||    13
  Use: Scroll            |     3 |     4 |    13 |     9 |    11 |     8 ||    48
       Potion            |       |     1 |     2 |     4 |     2 |     4 ||    13
 Stab: Sleeping          |     1 |       |       |       |       |       ||     1
       Paralysed         |       |       |     3 |       |       |       ||     3
       Distracted        |       |       |       |       |     3 |       ||     3
Armor: Robe              |    21 |    35 |       |       |       |       ||    56
       Ice dragon scales |       |    57 |   190 |   167 |   314 |    21 ||   749
       Skin              |       |       |     4 |       |       |       ||     4
Dodge: Dodged            |    40 |   158 |   272 |   185 |   311 |    32 ||   998
